 Dungeon Crawl Stone Soup version 0.30-a0-722-g3e6e8c874d (webtiles) character file.

Game seed: 16534030986627557607

598 Arximoufas the Sneak (level 7, 0/69 HPs)
             Began as a Human Wanderer on Jan 28, 2023.
             Slain by a gnoll sergeant
             ... wielding a +0 trident
              (10 damage)
             ... on level 5 of the Dungeon.
             The game lasted 00:17:44 (4945 turns).

Arximoufas the Sneak (Human Wanderer)               Turns: 4945, Time: 00:17:45

Health: 0/69       AC: 23    Str: 11    XL:     7   Next: 68%
Magic:  8/8        EV:  2    Int: 17    God:
Gold:   197        SH:  6    Dex: 11    Spells: 6/8 levels left

rFire   . . .      SeeInvis .    i - +3 dagger
rCold   + + .      Faith    .    e - +2 buckler
rNeg    . . .      Spirit   .    (body armour currently unavailable)
rPois   +          Reflect  .    (helmet currently unavailable)
rElec   .          Harm     .    (cloak currently unavailable)
rCorr   .          Rampage  .    (gloves currently unavailable)
Will    .....      NoTele   +    (boots currently unavailable)
Stlth   +++                      (no amulet)
HPRegen 0.31/turn                q - ring of protection from cold
MPRegen 0.11/turn                x - ring of protection from cold

@: mighty, tree-form
A: stationary, stasis, torment immunity, boosted hp
a: no special abilities


You were on level 5 of the Dungeon.
You were a tree.
You visited 1 branch of the dungeon, and saw 5 of its levels.

You collected 197 gold pieces.

Inventory:

Hand Weapons
 i - a +3 dagger (weapon)
 m - a +1 spear of venom
 z - a +0 flail of holy wrath
Missiles
 l - 19 poisoned darts (quivered)
Armour
 b - a +0 cloak (melded)
 d - a +0 robe
 e - a +2 buckler (worn)
 j - a +1 ring mail of poison resistance (melded)
 u - the +1 robe "Gemeopt" {rF+ Int+3 Stlth+}
   (You found it on level 3 of the Dungeon)

   Int:       It affects your intelligence (+3).
   rF:        It protects you from fire.
   Stlth:     It makes you more stealthy.
 w - an orb of guile
Jewellery
 q - a ring of protection from cold (left branch)
 x - a ring of protection from cold (right branch)
 y - a ring of positive energy
 A - a ring of positive energy
Scrolls
 c - a scroll of amnesia {unknown}
 f - 2 scrolls of teleportation
 g - 2 scrolls of identify {unknown}
 h - a scroll of enchant weapon {unknown}
 n - a scroll of poison {unknown}
 p - a scroll of torment {unknown}
 r - a scroll of acquirement {unknown}
 s - a scroll of immolation {unknown}
 C - a scroll of fear {unknown}
Potions
 k - 2 potions of curing {unknown}
 o - a potion of magic {unknown}
 t - a potion of heal wounds {unknown}
 v - a potion of attraction {unknown}


   Skills:
 + Level 5.4 Short Blades
 - Level 1.0 Armour
 - Level 4.0 Dodging
 + Level 5.5 Stealth
 - Level 3.0 Shields
 - Level 1.0 Spellcasting
 - Level 1.0 Poison Magic


You had 6 spell levels left.
You knew the following spells:

 Your Spells              Type           Power      Damage    Failure   Level
a - Poisonous Vapours     Pois/Air       4%         N/A       34%         2

Your spell library contained the following spells:

 Spells                   Type           Power      Damage    Failure   Level
 Slow                     Hex            0%         N/A       28%         1
 Cigotuvi's Dreadful Rot  Necr/Pois/Air  2%         N/A       36%         2
 Mephitic Cloud           Conj/Pois/Air  1%         N/A       58%         3
 Confusing Touch          Hex            0%         N/A       63%         3
 Vampiric Draining        Necr           0%         2d6       63%         3


Dungeon Overview and Level Annotations

Branches:
Dungeon (5/15)
 Temple: D:4-7

Altars:

Annotations:
D:2 Robin


Message History

The gnoll sergeant is severely wounded.
The gnoll sergeant blocks your attack.
The gnoll sergeant is severely wounded.
The gnoll sergeant hits you but does no damage. x2
You hit the gnoll sergeant.
You kill the gnoll sergeant!
The gnoll sergeant barely misses you.
You closely miss the wight. The wight hits you but does no damage.
The gnoll sergeant hits you but does no damage.
You feel very mighty all of a sudden. The wight hits you but does no damage.
The gnoll sergeant hits you but does no damage.
You hit the wight.
The wight is lightly damaged.
You block the wight's attack.
The gnoll sergeant hits you but does no damage.
You hit the wight.
The wight is lightly damaged.
The wight completely misses you.
The gnoll sergeant hits you but does no damage.
You hit the wight.
The wight is heavily damaged.
You hit the wight but do no damage.
The wight is heavily damaged.
You block the wight's attack. You block the gnoll sergeant's attack.
You closely miss the wight.
The wight is heavily damaged.
The wight hits you but does no damage.
The gnoll sergeant hits you from afar with a +0 trident.
* * * LOW HITPOINT WARNING * * *
You barely miss the wight.
The wight is heavily damaged.
The wight hits you with a +0 long sword!
* * * LOW HITPOINT WARNING * * *
The gnoll sergeant hits you but does no damage.
You hit the wight.
The wight is heavily damaged.
The wight hits you but does no damage.
The gnoll sergeant hits you from afar with a +0 trident!
You die...

.. . ##. .## # #..
..####.. #.# #.#... .
#.# #... ..# ######.#
###.##....#
#......####g..)..#
#........♣zz#..###
#.....†.#####..#
#####.......#..#
#..#####.##.. #.##
... #.# #..! ##.#
...> ########..####
#..
##.....##.....####...


You could see a gnoll sergeant and 2 wights.

Vanquished Creatures
  A phantom (D:3)
  A necrophage (D:4)
  A gnoll sergeant (D:5)
  A hound (D:5)
  2 orc priests (D:4)
  A gnoll bouda (D:3)
  An orc wizard (D:4)
  7 adders
  8 gnolls
  5 worms
  A dart slug (D:1)
  18 orcs
  5 ball pythons
  5 bats
  4 endoplasms
  10 goblins
  8 hobgoblins
  4 jackals
  6 kobolds
  A frilled lizard (D:2)
  4 rats
94 creatures vanquished.

Notes
Turn   | Place    | Note
-------+----------+-------------------------------------------
     0 | D:1      | Arximoufas the Human Wanderer began the quest for the Orb.
     0 | D:1      | Arximoufas set off with the following items: a +0 dagger, a
                  | +0 cloak, a potion of lignification, a +0 robe, a +2
                  | buckler; and the following spells available to memorise:
                  | Poisonous Vapours, Cigotuvi's Dreadful Rot.
     0 | D:1      | Reached XP level 1. HP: 13/13 MP: 2/2
   229 | D:1      | Reached skill level 1 in Short Blades
   229 | D:1      | Reached skill level 1 in Stealth
   229 | D:1      | Reached XP level 2. HP: 15/19 MP: 3/3
   248 | D:1      | Learned a level 2 spell: Poisonous Vapours
   617 | D:1      | Reached XP level 3. HP: 23/24 MP: 4/4
   673 | D:1      | Found a faded altar of an unknown god.
  1037 | D:2      | Noticed Robin
  1359 | D:2      | Reached XP level 4. HP: 30/30 MP: 5/5
  2083 | D:3      | Reached XP level 5. HP: 35/35 MP: 6/6
  2147 | D:3      | Noticed a phantom
  2167 | D:3      | Killed a phantom
  2226 | D:3      | Identified the +1 robe "Gemeopt" {rF+ Int+3 Stlth+}
  2266 | D:3      | Reached XP level 6. HP: 41/41 MP: 7/7
  3342 | D:4      | Reached XP level 7. HP: 21/46 MP: 8/8
  3839 | D:4      | Reached skill level 5 in Stealth
  4076 | D:4      | Reached skill level 5 in Short Blades
  4725 | D:5      | Entered Level 5 of the Dungeon
  4945 | D:5      | Slain by a gnoll sergeant

Illustrated notes

Levels and vault maps discovered:
D:1:      dpeg_arrival_brainrot, layout_basic,
          hellmonk_ecumenical_altar_heavens_door, st_stairs_2
D:2:      layout_rooms, minivault_11, uniq_robin
D:3:      layout_basic, due_unseen_surprise
D:4:      layout_basic, wad_orctagon
D:5:      layout_rooms, sword_in_stone

Skill      XL: |  1  2  3  4  5  6  7 |
---------------+----------------------+-----
Short Blades   | 1 2 3 4 5 |  5.4
Stealth        | 1 2 3 4 5 |  5.5
Armour         | |  1.0
Dodging        | |  4.0
Shields        | |  3.0
Spellcasting   | |  1.0
Poison Magic   | |  1.0

Action                     |  1- 3 |  4- 6 |  7- 9 || total
---------------------------+-------+-------+-------++-------
  Melee: Dagger            |   145 |   288 |   142 ||   575
  Throw: Dart              |       |       |     4 ||     4
    Use: Potion            |       |     2 |     3 ||     5
         Scroll            |       |     2 |     2 ||     4
   Stab: Sleeping          |       |     2 |     3 ||     5
 Armour: Robe              |    18 |       |       ||    18
         Ring mail         |    17 |    41 |    45 ||   103
         Skin              |       |    40 |    31 ||    71
  Dodge: Dodged            |    66 |    85 |    52 ||   203
  Block: Buckler           |    36 |    78 |    38 ||   152

Table legend: (Time is in decaauts)
 A = Elapsed time spent in this place.
 B = Non-inter-level travel time spent in this place.
 C = Inter-level travel time spent in this place.
 D = Time resting spent in this place.
 E = Time spent auto-exploring this place.
 F = Levels seen in this place.
 G = Mean time per level.
                   A        B        C        D        E       F      G
               +--------+--------+--------+--------+--------+-----+--------+
         Total |   4873 |   4518 |    355 |   1315 |   1771 |   5 |  974.6 |
       Dungeon |   4873 |   4518 |    355 |   1315 |   1771 |   5 |  974.6 |
               +--------+--------+--------+--------+--------+-----+--------+

Top non-repeatable levels by time:
     D:4: 1862 daAuts
     D:1: 1061 daAuts
     D:3: 1049 daAuts
     D:2: 694 daAuts
     D:5: 205 daAuts
